 Dungeon Crawl Stone Soup version 0.23-a0-899-gbbae0a3 (webtiles) character file.

Game seed: 4986122660739313569

146 nikopol the Firebug (level 5, -3/28 HPs)
             Began as a Deep Elf Fire Elementalist on Jan 28, 2019.
             Killed from afar by an orc wizard (6 damage)
             ... with a magic dart
             ... on level 3 of the Dungeon on Jan 29, 2019.
             The game lasted 00:12:02 (2465 turns).

nikopol the Firebug (Deep Elf Fire Elementalist)    Turns: 2465, Time: 00:12:03

Health: -3/28      AC:  2    Str:  5    XL:     5   Next: 7%
Magic:  0/13       EV: 13    Int: 21    God:
Gold:   99         SH:  0    Dex: 15    Spells: 2/12 levels left

rFire    . . .     SeeInvis .   (no weapon)
rCold    . . .     Gourm    .   (no shield)
rNeg     . . .     Faith    .   a - +0 robe
rPois    .         Spirit   .   (no helmet)
rElec    .         Reflect  .   (no cloak)
rCorr    .         Harm     .   (no gloves)
MR       .....                  (no boots)
Stlth    ++........             (no amulet)
HPRegen  0.09/turn              (no ring)
MPRegen  0.13/turn              (no ring)

@: no status effects
A: no striking features
a: no special abilities


You were on level 3 of the Dungeon.
You were not hungry.

You visited 1 branch of the dungeon, and saw 3 of its levels.

You collected 99 gold pieces.

Inventory:

Armour
 a - a +0 robe (worn)
Jewellery
 e - an uncursed ring of poison resistance {unknown}
Scrolls
 d - a scroll of amnesia {unknown}
 f - a scroll of teleportation {unknown}
 h - 2 scrolls of remove curse {unknown}
 j - a scroll of immolation {unknown}
 m - a scroll of identify {unknown}
Potions
 b - a potion of brilliance {unknown}
 g - a potion of degeneration {unknown}
 i - a potion of agility {unknown}
 k - 2 potions of curing {unknown}
 l - a potion of resistance {unknown}
Comestibles
 c - 6 rations
 n - 3 chunks of flesh


   Skills:
 + Level 2.8 Dodging
 + Level 2.8 Stealth
 + Level 4.2 Spellcasting
 + Level 2.3 Conjurations
 + Level 5.0 Fire Magic


You had 2 spell levels left.
You knew the following spells:

 Your Spells              Type           Power        Failure   Level  Hunger
a - Flame Tongue          Conj/Fire      ###..        2%          1    None
b - Throw Flame           Conj/Fire      ###...       3%          2    #......
c - Conjure Flame         Conj/Fire      ###.....     8%          3    ###....
d - Sticky Flame          Conj/Fire      ###.....     26%         4    ####...

Your spell library contained the following spells:

 Spells                   Type           Power        Failure   Level  Hunger
 Inner Flame              Hex/Fire       ###.....     12%         3    ###....
 Fireball                 Conj/Fire      ###.......   56%         5    ######.


Dungeon Overview and Level Annotations

Branches:
Dungeon (3/15)

Altars:
Dithmenos
Kikubaaqudgha


Message History

* * * LOW HITPOINT WARNING * * *
Casting: Flame Tongue (safe; 2% risk of failure)
Confirm with . or Enter, or press ? or * to list all spells.
You don't have enough magic to cast that spell.
Unknown command.
The orc wizard hits you with a +0 dagger.
* * * LOW HITPOINT WARNING * * *
The orc wizard casts a spell.
The orc wizard blinks!
There is a stone staircase leading up here.
Casting: Flame Tongue (safe; 2% risk of failure)
Confirm with . or Enter, or press ? or * to list all spells.
Aiming: Flame Tongue (safe; 2% risk of failure)
Press: ? - help, Shift-Dir - straight line, f - orc, p - orc wizard
Aim: an orc, wielding a +0 dagger (moderately wounded)
The flame tongue hits the orc!
You kill the orc!
The orc wizard casts a spell at you. The magic dart hits you.
You die...

#.# # ##. #.# .. # ...
#.#.#### #.#######.##
#.#.# # #.#........
..#.####
.......#.#####.#.#...
#.###.#..##..##.#.#.#.##
#...............#.#...##
#...@)...o...#.#+#...
#...#........#......#
##....................
...............#......#
...#######.....##......#
.........).............#
. .#######......#......#
#....#.#......#
#....#....†...#


You could see an orc wizard.

Vanquished Creatures
  3 gnolls (D:2)
  3 adders (D:2)
  2 oozes
  A worm (D:3)
  2 dart slugs (D:2)
  4 leopard geckos
  2 orcs (D:3)
  2 ball pythons
  3 bat zombies (D:2)
  4 giant cockroaches
  10 goblins
  6 hobgoblins
  2 jackals (D:3)
  4 kobolds
  2 quokkas
  5 bats
  7 frilled lizards
  2 rats (D:1)
  3 rat zombies (D:2)
67 creatures vanquished.

Notes
Turn   | Place    | Note
-------+----------+-------------------------------------------
     0 | D:1      | nikopol the Deep Elf Fire Elementalist began the quest for
                  | the Orb.
     0 | D:1      | Reached XP level 1. HP: 10/10 MP: 6/6
   136 | D:1      | Reached XP level 2. HP: 13/15 MP: 0/8
   662 | D:1      | Reached XP level 3. HP: 16/19 MP: 3/10
   939 | D:2      | Reached skill level 4 in Fire Magic
   943 | D:2      | Learned a level 2 spell: Throw Flame
   947 | D:2      | Learned a level 3 spell: Conjure Flame
   980 | D:2      | Found a shadowy altar of Dithmenos.
  1187 | D:2      | Reached XP level 4. HP: 24/24 MP: 4/11
  1273 | D:1      | Upgraded the game from 0.23-a0-890-gc183402 to
                  | 0.23-a0-899-gbbae0a3
  1805 | D:2      | Found an ancient bone altar of Kikubaaqudgha.
  2238 | D:3      | Learned a level 4 spell: Sticky Flame
  2374 | D:3      | Reached skill level 5 in Fire Magic
  2419 | D:3      | Reached XP level 5. HP: 28/28 MP: 9/13
  2465 | D:3      | Killed from afar by an orc wizard

Vault maps used:
D:1:      minmay_arrival_statue_studded
D:2:      grunt_dithmenos_smoke_and_mirrors, lemuel_zombie_altar_kikubaaqudgha,
          serial_rivers, chequers_serial_rivers_marsh,
          chequers_serial_rivers_small_b, chequers_serial_rivers_large_b,
          chequers_serial_rivers_large_a, chequers_serial_rivers_small_b,
          chequers_serial_rivers_small_a
D:3:      uniq_natasha

Skill      XL: |  1  2  3  4 |
---------------+-------------+-----
Fire Magic     | 4 5 |  5.0
Conjurations   | 2 |  2.3
Spellcasting   | 4 |  4.2
Dodging        | |  2.8
Stealth        | |  2.8

Action                   |  1- 3 |  4- 6 || total
-------------------------+-------+-------++-------
Melee: Unarmed           |     1 |       ||     1
 Cast: Flame Tongue      |    57 |    52 ||   109
       Throw Flame       |     4 |    14 ||    18
  Eat: Chunk             |     1 |     4 ||     5
Armor: Robe              |     5 |     7 ||    12
Dodge: Dodged            |    12 |    12 ||    24

Table legend:
 A = Non-vault XP
 B = Vault XP
 C = Vault XP percentage of total XP
 D = Non-vault monster count
 E = Vault monster count
 F = Vault count percentage of total count
                 A         B        C        D         E       F
            +---------+---------+-------+---------+---------+-------
      Total |     200 |       9 |   4.3 |      61 |       6 |   9.0
            +---------+---------+-------+---------+---------+-------
        D:1 |      47 |       0 |   0.0 |      24 |       0 |   0.0
        D:2 |     121 |       9 |   6.9 |      23 |       6 |  20.7
        D:3 |      32 |       0 |   0.0 |      14 |       0 |   0.0
            +---------+---------+-------+---------+---------+-------
